 Dungeon Crawl Stone Soup version 0.17-a0-1951-g62301d3 (webtiles) character file.

2910 Ijustatesigmund the Basher (level 9, -4/60 HPs)
             Began as a Gargoyle Fighter on Oct 2, 2015.
             Was a Believer of Makhleb.
             Slain by an orc warrior
             ... wielding a +0 battleaxe
              (18 damage)
             ... on level 8 of the Dungeon.
             The game lasted 00:27:14 (8248 turns).

Ijustatesigmund the Basher (Gargoyle Fighter)       Turns: 8248, Time: 00:27:15

Health: -4/60      AC: 17    Str: 20    XL:     9   Next: 78%
Magic:  21/21      EV:  8    Int: 12    God:    Makhleb [**....]
Gold:   340        SH:  9    Dex: 12    Spells: 0 memorised, 8 levels left

rFire  . . .     SeeInvis .     a - +2 flail
rCold  + . .     Clarity  .     j - +1 ring mail {rC+}
rNeg   + + .     SustAt   .     c - +0 shield
rPois  ∞         Gourm    .     o - +0 helmet
rElec  +         Spirit   .     k - +0 cloak
rCorr  .         Warding  +     (no gloves)
rMut   .         Stasis   .     r - +1 pair of boots
MR     .....                    i - amulet of warding
Stlth  +.........               B - ring of magical power
                                A - +3 ring of intelligence

@: not resistant to hostile enchantments, very unstealthy
A: negative energy resistance 1, electricity resistance, unbreathing,
petrification resistance, rot immunity, AC +5
a: Minor Destruction, Renounce Religion


You were on level 8 of the Dungeon.
You worshipped Makhleb.
Makhleb was pleased with you.
You were hungry.

You visited 2 branches of the dungeon, and saw 9 of its levels.

You collected 340 gold pieces.

Inventory:

Hand weapons
 a - a +2 flail (weapon)
 n - a +5 whip
Armour
 c - a +0 shield (worn)
 j - a +1 ring mail of cold resistance (worn)
 k - a +0 cloak (worn)
 o - a +0 helmet (worn)
 r - a +1 pair of boots (worn)
Jewellery
 b - an uncursed ring of fire
 i - an amulet of warding (around neck)
 A - a +3 ring of intelligence (left hand)
 B - a ring of magical power (right hand)
Magical devices
 h - a wand of confusion (15)
 t - a wand of slowing (23)
 z - a wand of paralysis (15)
Scrolls
 w - a scroll of identify
 x - a scroll of enchant armour
 y - 3 scrolls of immolation
 C - a scroll of amnesia
Potions
 p - 2 potions of curing
 q - a potion of mutation {unknown}
 v - a potion of degeneration {unknown}
Books
 s - a book of Maledictions

   Spells                             Type                      Level
   a - Corona                         Hexes                        1
   b - Ensorcelled Hibernation        Hexes/Ice                    2
   c - Confuse                        Hexes                        3
   d - Tukima's Dance                 Hexes                        3
   e - Dazzling Spray                 Conjuration/Hexes            3
Comestibles
 d - 3 royal jellies
 e - 6 bread rations
 f - 5 fruits
 m - 4 meat rations


   Skills:
 + Level 8.8 Fighting
 + Level 9.8 Maces & Flails
 - Level 4.0 Armour
 - Level 4.1 Shields
 + Level 4.1 Invocations


You had 8 spell levels left.
You didn't know any spells.

Dungeon Overview and Level Annotations

Branches:
Dungeon (8/15)             Temple (1/1) D:6
   Lair: D:8-11

Altars:
Ashenzari
Cheibriados
Dithmenos
Elyvilon
Fedhas
Kikubaaqudgha
Makhleb
Nemelex Xobeh
Okawaru
Qazlal
Ru
Trog
Vehumet
Xom
Yredelemnul
Zin
The Shining One


Innate Abilities, Weirdness & Mutations

You are resistant to torment.
Your stone body is resilient (AC +5).
You are immune to poison.
You resist negative energy.
You are resistant to electric shocks.
You can survive without breathing.
You are immune to petrification.
You are immune to rotting.


Message History

The orc warrior is moderately wounded.
The orc warrior hits you with a battleaxe!
An orc comes into view. It is wielding a hand axe.
Your shield prevents you from hitting the orc warrior.
The orc warrior is moderately wounded.
The orc shouts!
You block the orc warrior's attack.
You hit the orc warrior.
The orc warrior is heavily wounded.
The orc warrior hits you with a battleaxe.
You hit the orc warrior.
The orc warrior is heavily wounded.
You closely miss the orc warrior.
The orc warrior is heavily wounded.
The orc warrior hits you with a battleaxe!
* * * LOW HITPOINT WARNING * * *
You hit the orc warrior but do no damage.
The orc warrior is heavily wounded.
The orc warrior hits you with a battleaxe!!
You die...

#....... ..# #.......
...# .#....... ...#
........##...#
###...........#
..........o...# ..
#.......#
.###.#.......#
......<..@....#
....#.##.o....# ..
........#'#........
......#'#.######....
.....................
....#.....####.......
... #................
.. #................
. #....##..........


You could see an orc warrior and an orc.

Vanquished Creatures
  Grinder (D:3)
  A hippogriff (D:8)
  A water moccasin (D:8)
  Duvessa (D:6)
  The ghost of glosham the Skirmisher, an average DgSk (D:3)
  An ice beast (D:7)
  A phantom (D:5)
  3 centaurs
  2 ogres (D:7)
  A big kobold (D:8)
  6 giant frogs
  A scorpion (D:6)
  Dowan (D:6)
  4 crimson imps
  2 hounds
  Crazy Yiuf (D:3)
  2 giant frog skeletons
  5 orc priests
  Ijyb (D:3)
  2 jellies (D:6)
  2 centaur skeletons
  2 iguanas
  8 orc wizards
  3 worker ants
  Robin (D:4)
  5 adders
  A shadow imp (D:5)
  2 oozes
  An adder zombie (D:6)
  10 worms
  2 giant geckos
  34 orcs
  2 ball pythons
  4 giant cockroaches
  5 hobgoblins
  6 jackals
  A quokka (D:2)
  A ball python skeleton (D:4)
  11 bats
  A giant gecko skeleton (D:4)
  2 giant newts
  12 goblins
  8 kobolds
  7 rats
169 creatures vanquished.

Notes
Turn   | Place    | Note
--------------------------------------------------------------
     0 | D:1      | Ijustatesigmund the Gargoyle Fighter began the quest for the Orb.
     0 | D:1      | Reached XP level 1. HP: 14/14 MP: 1/1
   289 | D:1      | Reached XP level 2. HP: 19/19 MP: 2/2
   624 | D:2      | Reached XP level 3. HP: 14/24 MP: 3/3
   914 | D:2      | Reached skill level 4 in Fighting
   954 | D:2      | Found a white marble altar of Elyvilon.
  1131 | D:2      | Found a shimmering altar of Xom.
  1338 | D:3      | Noticed glosham's ghost (average DgSk)
  1870 | D:2      | Reached XP level 4. HP: 20/29 MP: 4/4
  2328 | D:3      | Killed glosham's ghost
  2328 | D:3      | Reached XP level 5. HP: 14/34 MP: 5/5
  2596 | D:3      | Found a white marble altar of Elyvilon.
  2697 | D:3      | Noticed Ijyb
  2701 | D:3      | Noticed Grinder
  2732 | D:4      | Reached skill level 5 in Fighting
  2732 | D:4      | Reached skill level 5 in Maces & Flails
  2732 | D:4      | Reached XP level 6. HP: 12/40 MP: 6/6
  3174 | D:4      | Found a snail-covered altar of Cheibriados.
  3555 | D:4      | Noticed Robin
  3570 | D:4      | Killed Robin
  3868 | D:5      | Entered Level 5 of the Dungeon
  3907 | D:5      | Reached skill level 6 in Maces & Flails
  3907 | D:5      | Reached XP level 7. HP: 29/45 MP: 7/7
  3916 | D:5      | Found a white marble altar of Elyvilon.
  4075 | D:5      | Found a sacrificial altar of Ru.
  4180 | D:5      | Reached skill level 7 in Maces & Flails
  4416 | D:5      | Noticed a moth of wrath
  4420 | D:5      | Found a bloodstained altar of Trog.
  4698 | D:6      | Reached XP level 8. HP: 42/52 MP: 8/8
  4806 | D:6      | Noticed Dowan
  4823 | D:6      | Killed Dowan
  4824 | D:6      | Noticed Duvessa
  4846 | D:6      | Killed Duvessa
  5128 | D:3      | Reached skill level 8 in Maces & Flails
  5215 | D:3      | Paralysed by Grinder for 7 turns
  5234 | D:3      | Killed Ijyb
  5810 | D:3      | Paralysed by Grinder for 2 turns
  5814 | D:3      | Killed Grinder
  5929 | D:3      | Noticed Crazy Yiuf
  5936 | D:3      | Killed Crazy Yiuf
  6345 | D:6      | Found a staircase to the Ecumenical Temple.
  6502 | Temple   | Entered the Ecumenical Temple
  6634 | Temple   | Became a worshipper of Makhleb the Destroyer
  6815 | D:7      | Found an iron altar of Okawaru.
  6818 | D:7      | Found a stormy altar of Qazlal.
  6822 | D:7      | Found a blossoming altar of Fedhas.
  6878 | D:7      | Got an ancient dagger
  6879 | D:7      | Identified the +8 dagger of Ikugal {freeze, *Drain rN+ Str-3 Stlth+} (You found it on level 7 of the Dungeon)
  6938 | D:7      | Reached skill level 9 in Maces & Flails
  6938 | D:7      | Reached XP level 9. HP: 40/58 MP: 9/9
  6981 | D:7      | Reached skill level 1 in Invocations
  7348 | D:7      | Found a shadowy altar of Dithmenos.
  7591 | D:7      | Acquired Makhleb's first power
  8213 | D:8      | Acquired Makhleb's second power
  8248 | D:8      | Slain by an orc warrior

Vault maps used:
D:1:      dpeg_arrival_orchard
D:2:      elyvilon_altar_5, xom_teletrap_fun, first_bread
D:3:      lemuel_tele_altar, uniq_iyjb, uniq_crazy_yiuf_cottage, uniq_grinder
D:4:      lemuel_doored_altar, uniq_robin
D:5:      kennysheep_little_box, basic_altar, tgw_trog
D:6:      minmay_temple_entry_statues_pillars, minmay_misc_feat_room,
          hangedman_decor_push, uniq_duvessa
D:7:      grunt_temple_overflow_open, nicolae_overflow_hidden_temple,
          lemuel_crystal_altar
D:8:      kennysheep_mini_moat, serial_shops, shop, hangedman_ranch, st_stairs_3
Temple:   minmay_temple_bridge_b_8

Action                   |  1- 3 |  4- 6 |  7- 9 || total
-------------------------+-------+-------+-------++-------
Melee: Flail             |   125 |   187 |   200 ||   512
       Whip              |    10 |    37 |   322 ||   369
Evoke: Wand              |       |       |     3 ||     3
  Use: Scroll            |     3 |     8 |     8 ||    19
       Potion            |     1 |     2 |     2 ||     5
 Stab: Invisible         |       |       |     1 ||     1
  Eat: Fruit             |     3 |     4 |     6 ||    13
       Chunk             |       |     4 |     2 ||     6
       Bread ration      |       |       |     1 ||     1
       Beef jerky        |       |       |     1 ||     1
       Pizza             |       |       |     1 ||     1
